 Dungeon Crawl Stone Soup version 0.31-a0-845-g9abc20d (webtiles) character file.

Game seed: 4351253972401917950

1613383 PublicAnimeNo1 the Champion of Chaos (level 27, 273/273 HPs)
             Began as a Hill Orc Fighter on Oct 2, 2023.
             Was the Champion of Makhleb.
             Escaped with the Orb
             ... and 3 runes on Oct 3, 2023!
             The game lasted 02:57:28 (74857 turns).

PublicAnimeNo1 the Champion of Chaos (HOFi)        Turns: 74857, Time: 02:57:29

Health: 273/273    AC: 62    Str: 34    XL:     27
Magic:  40/40      EV: 12    Int: 14    God:    Makhleb [******]
Gold:   6642       SH:  5    Dex: 10    Spells: 26/26 levels left

rFire   + + +        b - +9 battleaxe (vamp)
rCold   + + +        (shield currently unavailable)
rNeg    . . .        p - +14 crystal plate armour {rC+}
rPois   +            s - +2 helmet
rElec   +            n - +2 cloak "Lunase" {SInv}
rCorr   .            K - +2 pair of gloves {Stlth+}
SInv    +            L - +1 pair of boots of Jenued {Str+3}
Will    +++..        E - amulet of reflection Stlth
                     t - ring of Joetix {rPois rF+ rC+}
HPRegen 0.65/turn    Y - ring of Qydwy {rElec rF++ Will+ Int+6}
MPRegen 0.27/turn

%: reflection
@: no status effects
A: iridescent scales 1, clumsy 1, cold resistance 1, fire resistance 1
0: Orb of Zot
}: 3/15 runes: barnacled, silver, gossamer
a: Renounce Religion, Minor Destruction, Lesser Servant of Makhleb, Major
Destruction, Greater Servant of Makhleb


You escaped.
You worshipped Makhleb.
Makhleb was exalted by your worship.
You visited 10 branches of the dungeon, and saw 50 of its levels.
You visited 1 ziggurat, and saw 6 of its levels.
You also visited: Ice Cave.

You collected 9720 gold pieces.
You spent 3078 gold pieces at shops.

Inventory:

Hand Weapons
 a - the +12 glaive of Prune {freeze, Prune}
   (You bought it in a shop on level 2 of the Orcish Mines)

   Prune:     It halves damage taken while paralysed, petrified or unconscious.
 b - a +9 vampiric battleaxe (weapon)
 M - the +5 Lochaber axe {reach-cleave, Poleaxe Drain}
   (You took it off a merfolk javelineer on level 4 of the Shoals)

   Poleaxe:   It uses either Axes or Polearms skill, whichever is higher.
   Drain:     It drains your maximum health when unequipped.
Missiles
 m - 11 javelins (quivered)
 r - 8 throwing nets
 w - 3 silver javelins
Armour
 n - the +2 cloak "Lunase" (worn) {SInv}
   (You bought it in a shop on level 5 of the Vaults)

   SInv:      It lets you see invisible.
 p - a +14 crystal plate armour of cold resistance (worn)
 s - a +2 helmet (worn)
 K - a +2 pair of gloves of stealth (worn)
 L - the +1 pair of boots of Jenued (worn) {Str+3}
   (You found it on level 4 of the Spider Nest)

   Str+3:     It affects your strength (+3).
 Q - the +7 ice dragon scales of Noughts and Crosses {rElec rF- rC++ Regen+ Int-3 SInv}
   (You found it on level 4 of the Depths)

   Int-3:     It affects your intelligence (-3).
   rF-:       It makes you vulnerable to fire.
   rC++:      It greatly protects you from cold.
   rElec:     It insulates you from electricity.
   SInv:      It lets you see invisible.
   Regen+:    It increases your rate of health regeneration.
Jewellery
 d - a +5 ring of evasion
 j - a ring of wizardry
 t - the ring of Joetix (left hand) {rPois rF+ rC+}
   (You took it off a rakshasa on level 3 of the Depths)

   [ring of poison resistance]

   rF+:       It protects you from fire.
   rC+:       It protects you from cold.
   rPois:     It protects you from poison
 z - the ring "Iwonwuex" {rN+ Str+3 Dex+3}
   (You found it on level 3 of the Crypt)

   [ring of positive energy]

   Str+3:     It affects your strength (+3).
   Dex+3:     It affects your dexterity (+3).
   rN+:       It protects you from negative energy.
 E - an amulet of reflection (around neck)
 J - a ring of wizardry
 Y - the ring of Qydwy (right hand) {rElec rF++ Will+ Int+6}
   (You found it on level 3 of the Crypt)

   [ring of intelligence]

   Int+6:     It affects your intelligence (+6).
   rF++:      It greatly protects you from fire.
   rElec:     It insulates you from electricity.
   Will+:     It increases your willpower.
Wands
 x - a wand of flame (54)
 y - a wand of mindburst (20)
 C - a wand of digging (6)
 H - a wand of acid (14)
 O - a wand of roots (51)
 R - a wand of paralysis (70)
Scrolls
 c - 7 scrolls of enchant armour
 e - a scroll of blinking
 g - 3 scrolls of fear
 l - 9 scrolls of immolation
 q - 10 scrolls of teleportation
 u - 9 scrolls of silence
 v - 5 scrolls of fog
 B - 5 scrolls of poison
 D - 37 scrolls of identify
 G - 7 scrolls of vulnerability
 I - 2 scrolls of enchant weapon
 N - 8 scrolls of amnesia
 S - 8 scrolls of noise
 U - 5 scrolls of torment
Potions
 f - 19 potions of curing
 h - 9 potions of heal wounds
 i - 10 potions of haste
 k - 8 potions of mutation
 o - 4 potions of magic
 A - 6 potions of attraction
 F - 2 potions of lignification
 P - a potion of cancellation
 T - 3 potions of might
 V - 10 potions of ambrosia
 W - 11 potions of enlightenment
 X - 3 potions of resistance
 Z - 2 potions of invisibility


   Skills:
 O Level 27 Fighting
 - Level 14.1(20.0) Axes
 - Level 19.4(20.5) Polearms
 * Level 13.8 Throwing
 + Level 26.3 Armour
 + Level 14.1 Dodging
 - Level 7.5 Shields
 O Level 27 Invocations
 - Level 11.9 Evocations


You had 26 spell levels left.
You didn't know any spells.
Your spell library contained the following spells:

 Spells                   Type           Power      Damage    Failure   Level
 Apportation              Tloc           0%         N/A       80%         1
 Foxfire                  Conj/Fire      0%         2x1d4     80%         1
 Freeze                   Ice            0%         1d3       80%         1
 Magic Dart               Conj           0%         1d3       80%         1
 Sandblast                Erth           0%         2d4       80%         1
 Sting                    Tmut/Pois      0%         1d3       80%         1
 Blink                    Tloc           0%         N/A       90%         2
 Cigotuvi's Dreadful Rot  Necr/Pois/Air  0%         N/A       90%         2
 Ensorcelled Hibernation  Hex/Ice        0%         N/A       90%         2
 Jinxbite                 Hex            0%         N/A       90%         2
 Momentum Strike          Conj/Tloc      0%         3d8       90%         2
 Passwall                 Tmut/Erth      0%         N/A       90%         2
 Poisonous Vapours        Pois/Air       0%         N/A       90%         2
 Searing Ray              Conj           0%         2d4       90%         2
 Sublimation of Blood     Necr           0%         N/A       90%         2
 Call Canine Familiar     Summ           0%         N/A       99%         3
 Frozen Ramparts          Ice            0%         1d1       99%         3
 Gell's Gravitas          Tloc           0%         N/A       99%         3
 Hailstorm                Conj/Ice       0%         3d3       99%         3
 Ignite Poison            Fire/Tmut/Pois 0%         N/A       99%         3
 Ozocubu's Armour         Ice            0%         N/A       99%         3
 Sigil of Binding         Hex            0%         N/A       99%         3
 Stone Arrow              Conj/Erth      0%         3d7       99%         3
 Summon Guardian Golem    Hex/Summ       0%         N/A       99%         3
 Teleport Other           Tloc           0%         N/A       99%         3
 Tukima's Dance           Hex            0%         N/A       99%         3
 Anguish                  Hex/Necr       0%         N/A       100%        4
 Brom's Barrelling Bould  Conj/Erth      0%         2d3       100%        4
 Cause Fear               Hex            0%         N/A       100%        4
 Dimensional Bullseye     Hex/Tloc       0%         N/A       100%        4
 Fulminant Prism          Conj/Hex       0%         3d5       100%        4
 Leda's Liquefaction      Hex/Erth       0%         N/A       100%        4
 Manifold Assault         Tloc           0%         N/A       100%        4
 Olgreb's Toxic Radiance  Pois           0%         N/A       100%        4
 Passage of Golubria      Tloc           0%         N/A       100%        4
 Petrify                  Tmut/Erth      0%         N/A       100%        4
 Sticky Flame             Conj/Fire      0%         2d3       100%        4
 Summon Ice Beast         Ice/Summ       0%         N/A       100%        4
 Summon Lightning Spire   Summ/Air       0%         N/A       100%        4
 Vhi's Electric Charge    Tloc/Air       0%         N/A       100%        4
 Alistair's Intoxication  Tmut/Pois      0%         N/A       100%        5
 Arcjolt                  Conj/Air       0%         1d10      100%        5
 Borgnjor's Vile Clutch   Necr/Erth      0%         N/A       100%        5
 Fireball                 Conj/Fire      0%         3d3       100%        5
 Freezing Cloud           Conj/Ice/Air   0%         6-21      100%        5
 Irradiate                Conj/Tmut      0%         3d11      100%        5
 Iskenderun's Battlesphe  Conj           0%         2d6       100%        5
 Lee's Rapid Deconstruct  Erth           0%         3d4*      100%        5
 Metabolic Englaciation   Hex/Ice        0%         N/A       100%        5
 Silence                  Hex/Air        0%         N/A       100%        5
 Yara's Violent Unravell  Hex/Tmut       0%         3d3       100%        5
 Bombard                  Conj/Erth      0%         9d1       100%        6
 Conjure Ball Lightning   Conj/Air       0%         3x3d6     100%        6
 Dispersal                Tloc           0%         N/A       100%        6
 Eringya's Noxious Bog    Tmut/Pois      0%         4d6       100%        6
 Plasma Beam              Fire/Air       0%         2x1d10    100%        6
 Simulacrum               Ice/Necr       0%         N/A       100%        6
 Starburst                Conj/Fire      0%         6d3       100%        6
 Enfeeble                 Hex            0%         N/A       100%        7
 Haunt                    Necr/Summ      0%         N/A       100%        7
 Orb of Destruction       Conj           0%         9d5       100%        7
 Ozocubu's Refrigeration  Ice            0%         4d7       100%        7
 Spellforged Servitor     Conj/Summ      0%         N/A       100%        7
 Borgnjor's Revivificati  Necr           0%         N/A       100%        8
 Discord                  Hex            0%         N/A       100%        8
 Disjunction              Tloc           0%         N/A       100%        8
 Ignition                 Fire           0%         3d3       100%        8
 Lehudib's Crystal Spear  Conj/Erth      0%         10d2      100%        8
 Maxwell's Capacitive Co  Air            0%         ∞         100%        8
 Chain Lightning          Conj/Air       0%         N/A       100%        9
 Death's Door             Necr           0%         N/A       100%        9
 Fire Storm               Conj/Fire      0%         5d1       100%        9
 Shatter                  Erth           0%         3d5*      100%        9


Dungeon Overview and Level Annotations

Branches:
Dungeon (15/15)            Temple (0/1) D:6            Lair (5/5) D:10
 Shoals (4/4) Lair:2       Spider (4/4) Lair:2        Slime (0/5) Lair:4
    Orc (2/2) D:11            Elf (3/3) Orc:2        Vaults (5/5) D:13
  Crypt (3/3) Vaults:3       Tomb (0/3) Crypt:3      Depths (4/4) D:15
    Zot (5/5) Depths:4      IceCv (visited)

Altars:
Ashenzari
Elyvilon
Fedhas
Gozag
Makhleb
Qazlal
Sif Muna
Trog
Vehumet
Wu Jian
Jiyva

Shops:
D:3 !   D:4 =   D:5 *   D:9 :   D:12 ?   Orc:2 =(=(*   Elf:3 [   Vaults:3 **[
Vaults:5 [   Depths:1 ?   Depths:2 ==:   Depths:3 =

Portals:
Hell: Depths:1 Depths:2 Depths:3 Depths:4
Abyss: Depths:3
Pandemonium: Depths:2

Annotations:
D:4 1 runed translucent door, Crazy Yiuf
D:15 1 runed translucent door, Radamante's ghost, journeyman MiFi
Lair:3 3 runed translucent doors, Upitonyq's ghost, journeyman SpEn
Lair:5 1 runed translucent door
Spider:1 1 runed translucent door, Menu's ghost, adept MiWr
Spider:4 2 exclusions
Elf:2 2 runed translucent doors
Vaults:3 3 runed translucent doors, exclusion: obsidian statue, Gawed's ghost, adept KoFi
Zot:3 3 runed translucent doors, Egutz's ghost, master TrFi
Zot:5 1 exclusion


Innate Abilities, Weirdness & Mutations

You are partially covered in iridescent scales. (AC +2)
You are clumsy. (Dex -2)
Your flesh is cold resistant. (rC+)
Your flesh is heat resistant. (rF+)


Message History

The ball of steam hits you but does no damage.
The smoke demon gestures at you. Something smites you!
The hellephant blinks!
There is a stone staircase leading up here.
You climb upwards.
There is a stone staircase leading down here.
Okay, then.
Okay, then.
Unknown command.
You see here a +0 dagger.
You see here a +0 rapier.
You see here a +0 dagger.
HP restored.
A giant cockroach comes into view.
The giant cockroach moves out of view.
The giant cockroach barely misses you.
The giant cockroach bites you but does no damage.
The giant cockroach attacks as it pursues you!
The giant cockroach barely misses you.
The giant cockroach attacks as it pursues you!
You block the giant cockroach's attack.
You hit the giant cockroach.
The giant cockroach is moderately wounded.
The giant cockroach bites you but does no damage.
The giant cockroach closely misses you.
The giant cockroach attacks as it pursues you!
You block the giant cockroach's attack.
There is an open door here.
The giant cockroach closely misses you.
There is a staircase leading out of the dungeon here.
You hit the giant cockroach.
The giant cockroach is heavily wounded.
The giant cockroach closely misses you.
You closely miss the giant cockroach.
The giant cockroach is heavily wounded.
You cut the giant cockroach into ribbons!!!
You kill the giant cockroach!
Makhleb accepts your kill.
You have escaped!

#.#.# #######..#
#.#.# #....'.).#
..#.# #....#..###
###.# ######..'.#
.[..# #####..##'#
....# #..##..'..#
....# #..##..#..#
###.# #..'...#..#
# #.#######..##.@#
###....###..######
....##......#
#############


There were no monsters in sight!

Vanquished Creatures
  3 dread liches
  2 orbs of fire (Zot:5)
  3 ancient liches
  2 juggernauts
  Josephina (Crypt:1)
  A Killer Klown (Zot:3)
  Xtahua (Depths:3)
  Vv (Depths:3)
  A curse toe (Crypt:3)
  Saint Roka (Depths:3)
  3 caustic shrikes (Depths:3)
  Jory (Crypt:3)
  11 golden dragons
  2 electric golems (Zot:5)
  2 doom hounds (Crypt:3)
  12 tentacled monstrosities
  A Tzitzimitl (Crypt:3)
  3 liches
  2 walking crystal tomes
  24 Orb Guardians
  A hellephant (Zig:2)
  Grunn (Crypt:3)
  A shard shrike skeleton (Crypt:3)
  5 deep elf master archers (Elf:3)
  4 deep elf blademasters (Elf:3)
  2 walking frostbound tomes (Depths:4)
  4 quicksilver dragons
  2 titans (Vaults:5)
  8 sphinxes
  10 death cobs
  An Executioner (Zot:2)
  10 ancient champions
  A kraken (Shoals:4)
  13 storm dragons
  2 revenants
  8 tengu reavers
  Roxanne (Spider:2)
  A rockslime (Zig:4)
  15 shadow dragons
  18 draconian monks
  2 azure jellies
  Aizul (Spider:2)
  5 fire giants
  6 frost giants
  Donald (Shoals:3)
  3 draconian knights (Zot:1)
  2 iron dragons
  Louise (Shoals:2)
  4 deep elf sorcerers
  6 draconian shifters
  3 emperor scorpions (Spider:4)
  15 vault wardens
  6 ghost moths
  A balrug (Zig:2)
  4 deep elf elementalists
  6 draconian scorchers
  4 draconian stormcallers
  8 war gargoyles
  9 ghouls
  18 orc warlords
  3 spriggan defenders
  4 reapers
  A quicksilver ooze (Zig:4)
  11 stone giants
  11 very ugly things
  14 ironbound preservers
  2 caustic shrike skeletons (Crypt:3)
  3 formless jellyfish
  9 ironbound thunderhulks
  5 draconian annihilators
  3 broodmothers
  9 vampire knights
  11 green draconians
  A lorocyproca (D:3)
  12 white draconians
  A putrid mouth (Crypt:3)
  3 deep elf demonologists
  10 deep elf annihilators
  An eleionoma (Zig:5)
  12 purple draconians
  18 red draconians
  7 spark wasps
  8 black draconians
  A spark wasp (shapeshifter) (Elf:3)
  12 yellow draconians
  17 dire elephants
  22 ettins
  4 merfolk javelineers
  2 eidola
  6 deep elf death magi
  3 entropy weavers
  3 deep elf high priests
  15 yaktaur captains
  3 iron golems
  6 merfolk impalers
  A salamander tyrant (Depths:4)
  3 great orbs of eyes
  31 vault guards
  9 fire dragons
  15 jiangshi
  An entropy weaver (shapeshifter) (D:15)
  4 rakshasas
  A spriggan zombie (Crypt:1)
  An elf skeleton (Crypt:1)
  8 ice dragons
  A spriggan skeleton (Crypt:3)
  A hell beast (Depths:1)
  6 death knights
  2 alligator snapping turtles
  2 ogre magi (Vaults:5)
  6 hydras
  2 peacekeepers
  2 catoblepae
  2 fenstrider witch zombies (Crypt:1)
  4 spriggan air magi
  5 merfolk aquamancers
  3 merfolk avatars
  A radroach (Spider:3)
  3 jorogumos
  8 centaur warriors
  8 two-headed ogres
  28 dancing weapons
  7 ironbound frosthearts
  7 boulder beetles
  A fenstrider witch skeleton (Crypt:1)
  15 death yaks
  An alligator (Zig:5)
  8 deep troll shamans
  A titan zombie (Crypt:1)
  4 satyrs
  6 deep troll earth magi
  8 vampire magi
  A hell hog (Depths:1)
  2 spriggan berserkers
  A sun demon (Depths:1)
  2 tengu warriors (D:15)
  Urug (Orc:1)
  4 demonic crawlers
  18 deep elf knights
  2 soul eaters
  An emperor scorpion zombie (Crypt:2)
  3 hell knights
  46 skeletal warriors
  8 titan skeletons
  2 iron trolls
  4 skysharks
  A skyshark (shapeshifter) (Vaults:3)
  A storm dragon skeleton (Crypt:1)
  A bunyip zombie (Crypt:1)
  52 deep trolls
  13 sea snakes
  5 death drakes (Depths:4)
  A sun moth (Spider:4)
  A spriggan druid (Zig:5)
  A glowing orange brain (Depths:3)
  A sea snake (shapeshifter) (D:13)
  A swamp dragon (shapeshifter) (Vaults:5)
  7 orb spiders
  2 swamp dragons (Zig:5)
  3 obsidian statues (Zig:5)
  2 bog bodies
  16 deep elf archers
  2 flayed ghosts
  3 wizards
  A shadow dragon zombie (Crypt:2)
  An anaconda zombie (Crypt:1)
  A golden dragon skeleton (Crypt:3)
  A lindwurm (shapeshifter) (Elf:1)
  3 anaconda skeletons (Crypt:3)
  13 necromancers
  20 orc knights
  13 lindwurms
  A spectral wolf spider (D:12)
  16 ironbound convokers
  7 steelbarb worms
  23 deep elf zephyrmancers
  15 fauns
  A tengu skeleton (Depths:1)
  14 phantasmal warriors
  31 deep elf pyromancers
  25 harpies
  6 orc sorcerers
  8 wolf spiders
  26 moths of wrath
  4 salamanders
  11 ugly things
  2 cyclopes
  A stone giant zombie (Crypt:1)
  2 shadow dragon skeletons (Crypt:1)
  15 manticores
  3 human zombies
  6 stone giant skeletons
  33 elephants
  2 ice statues
  3 molten gargoyles
  4 water nymphs
  A frost giant skeleton (Vaults:3)
  An iron dragon skeleton (Crypt:1)
  3 black mambas
  6 merfolk sirens
  3 human skeletons (Vaults:3)
  11 cane toads
  7 torpor snails
  15 vault sentinels
  A gargoyle (D:13)
  Maggie (Lair:1)
  8 rime drakes
  A large abomination (Zot:2)
  2 centaur skeletons (Crypt:3)
  A dire elephant skeleton (Crypt:3)
  An unseen horror (D:12)
  9 freezing wraiths
  An alligator snapping turtle skeleton (Crypt:3)
  An efreet (D:15)
  A kobold demonologist (D:12)
  11 yaktaurs
  A bunyip simulacrum (Crypt:1)
  4 tengu conjurers
  3 yaktaur skeletons
  9 komodo dragons
  A black draconian skeleton (Crypt:3)
  2 tormentors (Crypt:3)
  4 guardian mummies (Crypt:3)
  6 meliai
  10 trolls
  32 merfolk
  A harpy zombie (Crypt:1)
  A hydra zombie (Crypt:2)
  Grinder (D:4)
  6 wind drakes
  6 hornets
  15 polar bears
  A harpy skeleton (Crypt:3)
  17 tarantellas
  10 blink frogs
  3 dream sheep (Shoals:4)
  11 snapping turtles
  2 ettin skeletons
  21 slime creatures
  A human simulacrum (Vaults:3)
  16 jumping spiders
  A spriggan (shapeshifter) (D:14)
  4 centaur simulacra
  Sigmund (D:4)
  8 wraiths
  16 culicivoras
  2 fire dragon skeletons
  A shadow (D:9)
  A satyr skeleton (Crypt:2)
  A deep troll skeleton (Vaults:3)
  3 air elementals
  A naga simulacrum (Crypt:1)
  24 water elementals
  4 spriggans
  2 vampires
  5 fire elementals
  An elf simulacrum (Vaults:3)
  A fire bat (Depths:1)
  A human (shapeshifter) (Vaults:5)
  5 wyverns
  A basilisk (D:14)
  A neqoxec (Zot:5)
  31 yaks
  34 redbacks
  12 vampire mosquitoes
  A yaktaur simulacrum (Vaults:3)
  13 wargs
  An acid dragon (D:13)
  A two-headed ogre zombie (Crypt:1)
  A water nymph zombie (Crypt:1)
  Edmund (D:5)
  A glowing shapeshifter zombie (Vaults:5)
  4 hell hounds (D:9)
  2 merfolk zombies
  A floating eye (Depths:4)
  10 water moccasins
  A black bear (D:6)
  63 orc warriors
  A sky beast (D:7)
  A naga skeleton (Crypt:3)
  A fire dragon simulacrum (Crypt:1)
  An ice beast (D:7)
  A spriggan simulacrum (Depths:1)
  36 wolves
  5 ogres
  3 centaurs
  A torpor snail zombie (Crypt:3)
  11 bullfrogs
  2 kobold brigands
  2 gnoll sergeants
  2 earth elementals (Elf:1)
  3 scorpions
  A draconian skeleton (Crypt:3)
  A komodo dragon skeleton (Crypt:3)
  2 necrophages
  24 wights
  A raiju skeleton (Crypt:3)
  A polar bear skeleton (Crypt:3)
  5 howler monkeys
  A troll skeleton (Crypt:3)
  3 electric eels
  4 hounds
  A lava snake (Lair:3)
  18 orc priests
  2 gnoll boudas
  6 jellies
  26 orc wizards
  6 hell rats (Lair:4)
  A deep dwarf skeleton (Crypt:2)
  An acid dragon skeleton (Crypt:1)
  6 adders
  18 gnolls
  2 ufetubi
  2 worms (D:2)
  4 dart slugs
  67 orcs
  4 bats
  4 endoplasms
  A giant cockroach (D:1)
  6 goblins
  5 hobgoblins
  3 jackals (D:3)
  3 quokkas
  9 ball pythons
  4 frilled lizards
  A goblin skeleton (Crypt:1)
  A jackal zombie (Crypt:3)
  16 kobolds
  4 rats
2143 creatures vanquished.

Vanquished Creatures (collateral kills)
  A dread lich (Zot:5)
  A Killer Klown (Zot:5)
  A caustic shrike (Depths:3)
  A golden dragon (Depths:2)
  An Orb Guardian (Zot:5)
  2 walking divine tomes (Depths:2)
  A sphinx (Vaults:4)
  A death cob (Zot:2)
  A draconian monk (Depths:4)
  2 shadow dragons
  A frost giant (Vaults:3)
  A vault warden (Vaults:4)
  2 fire giants
  The ghost of Oludalup the Spry, a journeyman MfGl of Cheibriados (D:14)
  2 stone giants
  4 ironbound preservers
  A formless jellyfish (Vaults:4)
  4 very ugly things (Depths:1)
  4 ironbound thunderhulks (Vaults:4)
  3 green draconians (Depths:4)
  A black draconian (Depths:4)
  2 dire elephants (Vaults:4)
  A spark wasp (Depths:2)
  3 ettins
  The ghost of Duomaof the Nimble, a journeyman DjFE of Makhleb (D:12)
  An entropy weaver (Zig:6)
  A hydra (D:15)
  2 spriggan air magi
  An ogre mage (D:15)
  An ironbound frostheart (Vaults:4)
  A peacekeeper (Vaults:4)
  A centaur warrior (D:13)
  2 ice dragons (Depths:1)
  A radroach (Spider:2)
  A deep troll shaman (Depths:2)
  3 two-headed ogres (D:15)
  2 orc high priests
  2 demonic crawlers
  A spriggan berserker (Depths:1)
  A deep elf knight (Elf:1)
  5 skeletal warriors
  An iron troll (Depths:4)
  2 pharaoh ants
  9 deep trolls
  A glowing orange brain (Depths:2)
  3 orb spiders
  A deep elf archer (D:12)
  3 ironbound convokers (Vaults:4)
  A wizard (Depths:3)
  A faun (Shoals:2)
  2 orc sorcerers (Orc:2)
  2 necromancers
  4 ugly things
  2 deep elf pyromancers
  A cyclops (Orc:2)
  2 wolf spiders
  2 salamanders (Depths:4)
  A moth of wrath (Spider:4)
  5 elephants (Lair:2)
  A black mamba (Lair:2)
  A stone giant skeleton (Depths:1)
  A cane toad (Lair:3)
  A gargoyle (D:13)
  A torpor snail (Spider:3)
  A rime drake (Lair:3)
  A tengu conjurer (Depths:1)
  A freezing wraith (D:13)
  2 komodo dragons
  A troll (D:13)
  5 tarantellas
  A hornet (Depths:1)
  A blink frog (Lair:2)
  9 jumping spiders
  A frost giant simulacrum (Depths:1)
  7 slime creatures
  9 culicivoras
  A ynoxinul (Depths:2)
  3 spriggans
  5 yaks
  2 fire bats (Depths:1)
  2 vampire mosquitoes
  3 basilisks
  2 elf skeletons (Vaults:3)
  11 redbacks
  2 wargs
  2 water moccasins
  A floating eye (Depths:2)
  4 orc warriors
  A swamp drake (shapeshifter) (Depths:4)
  A glowing shapeshifter skeleton (Vaults:3)
  2 ogres
  5 wolves
  A centaur (shapeshifter) (D:13)
  2 centaurs (D:13)
  A bullfrog (Lair:3)
  A human skeleton (Vaults:3)
  A jelly (Lair:5)
  5 orc priests
  10 orc wizards
  6 gnolls
  12 orcs
242 creatures vanquished.

Vanquished Creatures (others)
  2 orc warlords
  An ettin (Depths:3)
  10 orc knights
  2 orc high priests
  8 orc sorcerers
  2 wizards
  A deep elf zephyrmancer (Elf:1)
  A polar bear (IceCv)
  12 orc warriors
  A vampire mosquito (D:15)
  22 orc priests
  24 orc wizards
  32 orcs
  4 tentacles (Shoals:4)
122 creatures vanquished.

Grand Total: 2507 creatures vanquished

Notes
Turn   | Place    | Note
-------+----------+-------------------------------------------
     0 | D:1      | PublicAnimeNo1 the Hill Orc Fighter began the quest for the
                  | Orb.
     0 | D:1      | Reached XP level 1. HP: 19/19 MP: 1/1
    51 | D:1      | Reached XP level 2. HP: 27/27 MP: 2/2
   409 | D:1      | Reached XP level 3. HP: 33/33 MP: 3/3
  1081 | D:2      | Reached XP level 4. HP: 37/40 MP: 4/4
  1426 | D:3      | Found a broken altar of Ashenzari.
  1769 | D:3      | Found Yvveum's Distillery.
  1777 | D:3      | Bought a potion of heal wounds for 65 gold pieces
  1777 | D:3      | Bought a potion of curing for 39 gold pieces
  2029 | D:3      | Noticed a scorpion
  2042 | D:3      | Killed a scorpion
  2043 | D:3      | Reached skill level 5 in Axes
  2043 | D:3      | Reached XP level 5. HP: 34/47 MP: 5/5
  2278 | D:4      | Became a worshipper of Beogh the Brigand
  2516 | D:4      | Noticed Sigmund
  2526 | D:4      | Killed Sigmund
  2527 | D:4      | Reached skill level 5 in Fighting
  2527 | D:4      | Reached XP level 6. HP: 47/56 MP: 6/6
  2569 | D:4      | Found Couhilaz's Jewellery Shoppe.
  2572 | D:4      | Identified the +5 cloak "Jimajaz" {Fly Dex+2}
  2697 | D:4      | Noticed Grinder
  2705 | D:4      | Killed Grinder
  2706 | D:4      | Reached XP level 7. HP: 42/61 MP: 7/7
  2776 | D:4      | Found a runed translucent door.
  2777 | D:4      | Noticed Crazy Yiuf
  2898 | D:4      | Reached skill level 5 in Armour
  2903 | D:4      | Reached skill level 5 in Shields
  3133 | D:5      | Entered Level 5 of the Dungeon
  3146 | D:5      | Noticed a two-headed ogre
  3460 | D:5      | Killed a two-headed ogre
  3461 | D:5      | Reached XP level 8. HP: 31/71 MP: 8/8
  3618 | D:5      | Found Aruucoit's Elemental Accessories.
  3664 | D:5      | Found a radiant altar of Vehumet.
  3734 | D:5      | Found an ornate altar of the Wu Jian Council.
  3735 | D:5      | Noticed Edmund
  3757 | D:5      | Killed Edmund
  3858 | D:5      | Reached * piety under Beogh
  4376 | D:6      | Reached XP level 9. HP: 74/79 MP: 9/9
  4464 | D:6      | Found a burning altar of Makhleb.
  4553 | D:6      | Found a staircase to the Ecumenical Temple.
  4971 | D:6      | Reached skill level 1 in Polearms
  5479 | D:7      | Identified the +8 long sword of Evolution {chaos, rPois
                  | Int+2}
  6444 | D:8      | Reached ** piety under Beogh
  6931 | D:8      | Reached XP level 10. HP: 88/89 MP: 10/10
  7097 | D:8      | Reached skill level 5 in Polearms
  7346 | D:8      | Identified the +3 scale mail of Ujaseb {rElec rF+++ Str+3}
  7395 | D:8      | Found a shimmering blue altar of Sif Muna.
  7976 | D:9      | Found Feriupt's Tremendous Tomes.
  8374 | D:10     | Entered Level 10 of the Dungeon
  8406 | D:10     | Reached *** piety under Beogh
  8472 | D:10     | Found a staircase to the Lair.
  8879 | D:10     | Reached skill level 1 in Invocations
  9199 | D:10     | Found a blossoming altar of Fedhas.
  9199 | D:10     | Found a white marble altar of Elyvilon.
  9396 | D:11     | Noticed a boulder beetle
  9412 | D:11     | Killed a boulder beetle
  9413 | D:11     | Reached XP level 11. HP: 79/99 MP: 11/13
  9546 | D:11     | Reached skill level 10 in Fighting
  9698 | D:11     | Noticed a boulder beetle
  9715 | D:11     | Killed a boulder beetle
  9921 | D:11     | Found a staircase to the Orcish Mines.
 10102 | Lair:1   | Entered Level 1 of the Lair of Beasts
 10124 | Lair:1   | Noticed a boulder beetle
 10139 | Lair:1   | Killed a boulder beetle
 10209 | Lair:1   | Noticed Maggie
 10226 | Lair:1   | Killed Maggie
 10421 | Lair:1   | Noticed a death yak
 10421 | Lair:1   | Noticed a death yak
 10460 | Lair:1   | Killed a death yak
 10479 | Lair:1   | Killed a death yak
 10480 | Lair:1   | Reached skill level 5 in Invocations
 10490 | Lair:1   | Reached skill level 10 in Polearms
 10887 | Lair:1   | Reached skill level 10 in Armour
 10933 | Lair:1   | Reached skill level 1 in Dodging
 10933 | Lair:1   | Reached XP level 12. HP: 89/110 MP: 16/16
 12115 | Lair:2   | Noticed a skyshark
 12302 | Lair:2   | Killed a skyshark
 12433 | Lair:2   | Noticed a dire elephant
 12473 | Lair:2   | Killed a dire elephant
 12473 | Lair:2   | Reached **** piety under Beogh
 12867 | Lair:2   | Reached XP level 13. HP: 69/118 MP: 19/19
 13020 | Lair:2   | You are sucked into a shaft and drop 1 floor!
 13373 | Lair:2   | Found a hole to the Spider Nest.
 13566 | Lair:2   | Found a staircase to the Shoals.
 13938 | Lair:2   | Reached ***** piety under Beogh
 14111 | Orc:1    | Entered Level 1 of the Orcish Mines
 14218 | Orc:1    | Found a bloodstained altar of Trog.
 14224 | Orc:1    | Noticed Urug
 14234 | Orc:1    | Killed Urug
 14257 | Orc:1    | Reached skill level 5 in Dodging
 14466 | Lair:3   | Reached skill level 10 in Invocations
 15092 | Lair:3   | Found a runed translucent gate.
 15093 | Lair:3   | Found a runed translucent gate.
 15094 | Lair:3   | Found a runed translucent gate.
 15096 | Lair:3   | Noticed Upitonyq's ghost (journeyman SpEn)
 15847 | Lair:4   | Found a staircase to the Slime Pits.
 15847 | Lair:4   | Found a viscous altar of Jiyva.
 16172 | Lair:4   | Reached XP level 14. HP: 97/130 MP: 22/22
 16648 | Lair:5   | Entered Level 5 of the Lair of Beasts
 16648 | Lair:5   | Found a runed translucent door.
 17473 | Lair:5   | Noticed an azure jelly
 17479 | Lair:5   | Killed an azure jelly
 18399 | Lair:5   | Identified the amulet "Raukut" {RegenMP Harm}
 18687 | Orc:2    | Entered Level 2 of the Orcish Mines
 18689 | Orc:2    | Found Casoqe's Gadget Gallery.
 18697 | Orc:2    | Gained Herok as an ally
 18709 | Orc:2    | Bought a wand of acid (4) for 268 gold pieces
 18860 | Orc:2    | Reached ****** piety under Beogh
 18870 | Orc:2    | Found Plog's Weapon Boutique.
 18870 | Orc:2    | Found Omigy's Jewellery Boutique.
 18870 | Orc:2    | Found Zusutt's Jewellery Shop.
 18870 | Orc:2    | Gained Bogric as an ally
 18873 | Orc:2    | Found Saegasef's Weapon Shop.
 18878 | Orc:2    | Gained Ugrim as an ally
 19152 | Orc:2    | Found a staircase to the Elven Halls.
 19274 | Orc:1    | Reached skill level 15 in Fighting
 19683 | D:12     | Found Iloblyuc's Magic Scroll Shoppe.
 19700 | D:12     | Your ally Bogric died
 19710 | D:12     | Found a transporter.
 19710 | D:12     | Noticed Duomaof's ghost (journeyman DjFE)
 19720 | D:12     | Gained Oruk as an ally
 19901 | D:12     | Bought a scroll of acquirement for 624 gold pieces
 19901 | D:12     | Acquired 730 gold pieces
 19907 | D:12     | Gained Argrim as an ally
 19908 | D:12     | Reached XP level 15. HP: 140/141 MP: 24/24
 19910 | D:12     | Your ally Argrim died
 19936 | D:12     | Found a transporter.
 20254 | D:12     | Reached skill level 15 in Polearms
 20259 | D:12     | Your ally Ugrim died
 20262 | D:12     | Gained Bogbarth as an ally
 20273 | D:12     | Killed Duomaof's ghost
 20564 | D:13     | Identified the +1 leather armour of Heresy {rN+ Will+}
 20635 | D:13     | Your ally Bogbarth died
 20835 | D:13     | Found a frozen archway.
 20846 | IceCv    | Entered an ice cave
 21031 | IceCv    | Identified the +1 battleaxe of Ocvuceew {vamp, Str+5}
 21137 | IceCv    | Noticed a frost giant
 21149 | IceCv    | Killed a frost giant
 21189 | IceCv    | Found the +4 skin of Zhor {*Englaciate rC+++ SInv}
 21691 | Orc:2    | Bought the +12 glaive of Prune {freeze, Prune} for 1259
                  | gold pieces
 21691 | Orc:2    | Found the +12 glaive of Prune {freeze, Prune}
 21922 | D:13     | Found a gate to the Vaults.
 22025 | D:13     | Your ally Herok died
 22038 | D:13     | Gained Thorok as an ally
 22124 | D:13     | Your ally Thorok died
 23130 | D:14     | Found a runed translucent door.
 23253 | D:14     | Found a stormy altar of Qazlal.
 23392 | D:14     | Reached skill level 15 in Invocations
 23657 | D:14     | Noticed Oludalup's ghost (journeyman MfGl)
 23678 | D:14     | Killed Oludalup's ghost
 23679 | D:14     | Reached XP level 16. HP: 147/152 MP: 27/27
 23709 | D:15     | Entered Level 15 of the Dungeon
 24125 | D:15     | Found a runed translucent door.
 24130 | D:15     | Noticed Radamante's ghost (journeyman MiFi)
 24421 | D:15     | Found a staircase to the Depths.
 24841 | Spider:1 | Entered Level 1 of the Spider Nest
 25516 | Spider:1 | Found a runed translucent door.
 25517 | Spider:1 | Noticed Menu's ghost (adept MiWr)
 25567 | Spider:2 | Noticed Aizul
 25576 | Spider:2 | Killed Aizul
 26025 | Spider:2 | Noticed Roxanne
 26039 | Spider:2 | Killed Roxanne
 27027 | Spider:3 | Your ally Oruk died
 28182 | Spider:4 | Entered Level 4 of the Spider Nest
 28397 | Spider:4 | Reached XP level 17. HP: 127/162 MP: 29/29
 29313 | Spider:4 | Your ally Oruk died
 29465 | Spider:4 | Got a gossamer rune of Zot
 29682 | Spider:4 | Identified the +1 pair of boots of Jenued {Str+3}
 29830 | Shoals:1 | Entered Level 1 of the Shoals
 30315 | Shoals:1 | Gained Gorg as an ally
 30316 | Shoals:1 | Reached skill level 1 in Evocations
 30514 | Shoals:2 | Your ally Gorg died
 30631 | Shoals:2 | Noticed Louise
 30885 | Shoals:2 | Killed Louise
 30886 | Shoals:2 | Reached skill level 15 in Armour
 31236 | Shoals:2 | Acquired 601 gold pieces
 31491 | Orc:2    | Bought a +5 ring of evasion for 432 gold pieces
 31916 | Shoals:4 | Entered Level 4 of the Shoals
 31916 | Shoals:4 | Noticed Donald
 32028 | Shoals:3 | Killed Donald
 32038 | Shoals:4 | Reached XP level 18. HP: 173/173 MP: 27/30
 32395 | Shoals:4 | Got a barnacled rune of Zot
 32640 | Shoals:4 | Identified the staff of Diet Blood {rPois Will+ Poison}
 33682 | Vaults:1 | Entered Level 1 of the Vaults
 34405 | Vaults:1 | Reached skill level 5 in Evocations
 35221 | Vaults:1 | Reached XP level 19. HP: 183/183 MP: 32/32
 36085 | Vaults:2 | Identified the +5 short sword of Mourning {freeze, Will++
                  | Stlth-}
 36433 | Vaults:2 | Paralysed by a formless jellyfish for 1 turns
 36743 | Vaults:2 | Got an illuminated book
 36912 | Vaults:2 | Reached skill level 1 in Throwing
 37516 | Vaults:3 | Paralysed by a sphinx for 2 turns
 37528 | Vaults:3 | Paralysed by a sphinx for 2 turns
 38140 | Vaults:3 | Found Fankegagh's Armour Shop.
 38407 | Vaults:3 | Reached skill level 5 in Throwing
 38417 | Vaults:3 | Gained Agrik as an ally
 38441 | Vaults:3 | Reached XP level 20. HP: 126/195 MP: 33/33
 39036 | Vaults:3 | Found a runed translucent gate.
 39036 | Vaults:3 | Found a runed translucent gate.
 39036 | Vaults:3 | Found an opulent altar of Gozag.
 39036 | Vaults:3 | Found a runed translucent gate.
 39037 | Vaults:3 | Found Ehoaman's Assorted Antiques.
 39037 | Vaults:3 | Noticed Gawed's ghost (adept KoFi)
 39377 | Vaults:3 | Found a staircase to the Crypt.
 39430 | Vaults:3 | Found Puzad's Assorted Antiques.
 40251 | Vaults:4 | Identified the +0 arbalest "Havem" {freeze, rN+ Str-3 SInv}
 40934 | Depths:1 | Entered Level 1 of the Depths
 41834 | Depths:1 | Gained Orkwin as an ally
 41839 | Depths:1 | Found a gateway to Hell.
 42756 | Depths:1 | Found Itileiw's Magic Scroll Shop.
 42759 | Depths:1 | Bought a scroll of blinking for 97 gold pieces
 42919 | Depths:2 | Noticed a golden dragon
 42928 | Depths:2 | Your ally Orkwin died
 42928 | Depths:2 | Killed a golden dragon
 43346 | Depths:2 | Found Nayriet's Book Emporium.
 43346 | Depths:2 | Found Muipuviq's Jewellery Shop.
 43347 | Depths:2 | Found Kyinyargh's Jewellery Shop.
 43460 | Depths:2 | Noticed a juggernaut
 43636 | Depths:2 | Noticed a golden dragon
 43647 | Depths:2 | Killed a golden dragon
 43648 | Depths:2 | Reached XP level 21. HP: 140/207 MP: 35/35
 43897 | Depths:2 | Reached skill level 10 in Evocations
 43900 | Depths:2 | Killed a juggernaut
 44054 | Depths:2 | Found a one-way gate leading to the halls of Pandemonium.
 44142 | Depths:3 | Noticed Vv
 44152 | Depths:3 | Found a one-way gate to the infinite horrors of the Abyss.
 44462 | Depths:3 | Noticed a caustic shrike
 44463 | Depths:3 | Noticed a caustic shrike
 44463 | Depths:3 | Noticed a caustic shrike
 44466 | Depths:3 | Noticed a caustic shrike
 44467 | Depths:3 | Killed a caustic shrike
 44471 | Depths:3 | Killed a caustic shrike
 44474 | Depths:3 | Your ally Agrik died
 44775 | Depths:3 | Noticed Saint Roka
 44779 | Depths:3 | Gained Spirok as an ally
 44780 | Depths:3 | Reached skill level 10 in Throwing
 44790 | Depths:3 | Killed Saint Roka
 45025 | Depths:3 | Your ally Spirok died
 45195 | Depths:3 | Killed a caustic shrike
 45523 | Depths:3 | Killed Vv
 45557 | Depths:3 | Identified the +10 halberd "Vebuug" {flame, rF+ MP+9 Int+5}
 45557 | Depths:3 | Identified the ring of Joetix {rPois rF+ rC+}
 45753 | Depths:3 | Killed a caustic shrike
 46569 | Depths:3 | Found Goyvvirad's Jewellery Shop.
 46825 | Depths:3 | Noticed Xtahua
 46829 | Depths:3 | Identified the +4 battleaxe "Yfocleos" {elec, rElec rC+
                  | rCorr}
 46834 | Depths:3 | Noticed a juggernaut
 46835 | Depths:3 | Killed Xtahua
 46854 | Depths:3 | Killed a juggernaut
 47176 | Depths:3 | Identified the +3 glaive "Voz Evve" {chaos, *Noise rF+
                  | Str+3 Dex+4 SInv}
 47177 | Depths:3 | Identified the +7 rapier of the Avant Garde God {freeze,
                  | rC+ Int+3}
 47178 | Depths:3 | Identified the +4 scimitar of the Invisible Orbs {speed,
                  | rPois rF+ Dex-2}
 47441 | Elf:1    | Entered Level 1 of the Elven Halls
 47473 | Elf:1    | Gained Dorog as an ally
 47573 | Elf:1    | You are sucked into a shaft and drop 1 floor!
 47573 | Elf:2    | Found a runed translucent door.
 47603 | Elf:2    | Reached XP level 22. HP: 198/220 MP: 36/36
 48229 | Elf:2    | Found a runed translucent door.
 48290 | Elf:2    | Your ally Dorog died
 48634 | Elf:2    | Gained mutation: You are clumsy. (Dex -2) [potion of
                  | mutation]
 48634 | Elf:2    | Gained mutation: Armour fits poorly on your strangely
                  | shaped body. [potion of mutation]
 48634 | Elf:2    | Gained mutation: You are strong-willed. (Will+) [potion of
                  | mutation]
 48634 | Elf:2    | Gained mutation: You expend magic power (3 MP) to
                  | strengthen your wands. [potion of mutation]
 48635 | Elf:2    | Lost mutation: You expend magic power (3 MP) to strengthen
                  | your wands. [potion of mutation]
 48635 | Elf:2    | Lost mutation: You are strong-willed. (Will+) [potion of
                  | mutation]
 48635 | Elf:2    | Lost mutation: You are clumsy. (Dex -2) [potion of
                  | mutation]
 48635 | Elf:2    | Gained mutation: You have a pair of small horns on your
                  | head. [potion of mutation]
 48636 | Elf:2    | Lost mutation: Armour fits poorly on your strangely shaped
                  | body. [potion of mutation]
 48636 | Elf:2    | Lost mutation: You have a pair of small horns on your head.
                  | [potion of mutation]
 48636 | Elf:2    | Gained mutation: You have large cloven feet. [potion of
                  | mutation]
 48636 | Elf:2    | Gained mutation: Your muscles are strong. (Str +4, Int/Dex
                  | -1) [potion of mutation]
 48637 | Elf:2    | Lost mutation: You have large cloven feet. [potion of
                  | mutation]
 48637 | Elf:2    | Lost mutation: Your muscles are strong. (Str +4, Int/Dex
                  | -1) [potion of mutation]
 48637 | Elf:2    | Gained mutation: Your flesh is cold resistant. (rC+)
                  | [potion of mutation]
 48637 | Elf:2    | Gained mutation: You are partially covered in iridescent
                  | scales. (AC +2) [potion of mutation]
 49420 | Elf:1    | Paralysed by an air elemental for 1 turns
 50071 | Elf:3    | Entered Level 3 of the Elven Halls
 50723 | Elf:3    | Found Renkouth's Antique Armour Shoppe.
 51121 | Elf:3    | Identified the +1 rapier of Waku {venom, rPois}
 51528 | Elf:3    | Identified the +11 mace "Ciusoit" {protect, Str+2}
 51990 | Elf:3    | Identified the +3 short sword of Uttaarar {vamp, rPois rF-
                  | Str-3 Dex+8}
 52141 | Elf:3    | Identified the ring of New Discoveries {rCorr Str+6}
 52365 | Elf:3    | Identified the staff "Nyfrugg" {rPois rC+ Ice}
 52833 | Depths:4 | Entered Level 4 of the Depths
 52947 | Depths:4 | Reached XP level 23. HP: 155/232 MP: 38/38
 53028 | Depths:4 | Noticed a golden dragon
 53035 | Depths:4 | Killed a golden dragon
 53069 | Depths:4 | Found a white marble altar of Elyvilon.
 53678 | Depths:4 | Identified the +6 mace of Buelaph {holy, Dex+3}
 53858 | Depths:4 | Found a one-way gateway to a ziggurat.
 53930 | Depths:4 | Gained Learuk as an ally
 53944 | Depths:4 | Your ally Learuk died
 54315 | Depths:4 | Noticed a golden dragon
 54331 | Depths:4 | Killed a golden dragon
 54371 | Depths:4 | Gained Argrim as an ally
 54815 | Depths:4 | Noticed a golden dragon
 54826 | Depths:4 | Your ally Argrim died
 54827 | Depths:4 | Killed a golden dragon
 54901 | Depths:4 | Found a gate to the Realm of Zot.
 54906 | Depths:4 | Identified the +7 ice dragon scales of Noughts and Crosses
                  | {rElec rF- rC++ Regen+ Int-3 SInv}
 54918 | Depths:4 | Identified the +1 fire dragon scales of the Shining Light
                  | {Harm rF++ rC-}
 54931 | Depths:4 | Identified the +3 dagger of Ceim {spect, Fragile rC++
                  | Dex+5}
 55812 | D:6      | Fell from the grace of Beogh
 55812 | D:6      | Became a worshipper of Makhleb the Destroyer
 56147 | Crypt:1  | Entered Level 1 of the Crypt
 56184 | Crypt:1  | Identified the ring "Kien" {Ice Stlth+}
 56184 | Crypt:1  | Noticed Josephina
 56200 | Crypt:1  | Killed Josephina
 56494 | Crypt:1  | Reached * piety under Makhleb
 56620 | Crypt:1  | Paralysed by a vampire knight for 3 turns
 56962 | Crypt:1  | Reached XP level 24. HP: 243/244 MP: 39/39
 56969 | Crypt:1  | Reached ** piety under Makhleb
 57126 | Crypt:1  | Acquired 814 gold pieces
 57883 | Crypt:2  | Reached *** piety under Makhleb
 58094 | Crypt:2  | Reached skill level 10 in Axes
 58772 | Crypt:3  | Entered Level 3 of the Crypt
 58854 | Crypt:3  | Reached **** piety under Makhleb
 59385 | Crypt:3  | Noticed Jory
 59402 | Crypt:3  | Killed Jory
 59514 | Crypt:3  | Identified the ring of Untruth {rElec rN+ Will+ Str-2}
 59612 | Crypt:3  | Found a staircase to the Tomb.
 59674 | Crypt:3  | Noticed Grunn
 60459 | Crypt:3  | Identified the ring of Divine Intervention {rN+ Dex+3
                  | Stlth+}
 60459 | Crypt:3  | Identified the ring "Iwonwuex" {rN+ Str+3 Dex+3}
 60716 | Crypt:3  | Noticed an ancient lich
 60809 | Crypt:3  | Killed an ancient lich
 60820 | Crypt:3  | Killed Grunn
 61289 | Crypt:3  | Noticed a curse toe
 61335 | Crypt:3  | Killed a curse toe
 61335 | Crypt:3  | Reached ***** piety under Makhleb
 61836 | Crypt:3  | Identified the staff "Usinit" {Fragile +Blink Stlth+ Conj
                  | Poison}
 61858 | Crypt:3  | Identified the ring of Qydwy {rElec rF++ Will+ Int+6}
 62153 | Vaults:5 | Entered Level 5 of the Vaults
 62436 | Vaults:4 | Reached XP level 25. HP: 248/251 MP: 39/39
 63159 | Vaults:5 | Noticed an ancient lich
 63185 | Vaults:5 | Killed an ancient lich
 63188 | Vaults:5 | Noticed a dread lich
 63199 | Vaults:5 | Killed a dread lich
 63252 | Vaults:5 | Found Loom's Antique Armour Emporium.
 63252 | Vaults:5 | Found the +11 Singing Sword {sonic wave}
 63253 | Vaults:5 | Found the +8 Wrath of Trog {antimagic, *Rage Rampage}
 63281 | Vaults:5 | Identified the +12 long sword of Teuk {protect, rC+ Dex+3}
 63284 | Vaults:5 | Identified the +3 ring mail "Qaefojae" {rC++ Int+3 Dex+2}
 63288 | Vaults:5 | Bought a distressingly furry cloak for 294 gold pieces
 63288 | Vaults:5 | Identified the +2 cloak "Lunase" {SInv} (You bought it in a
                  | shop on level 5 of the Vaults)
 63517 | Vaults:5 | Identified the ring "Xeonygg" {rElec rPois Int+6}
 63841 | Vaults:5 | Reached ****** piety under Makhleb
 63919 | Vaults:5 | Noticed a dread lich
 63933 | Vaults:5 | Paralysed by a dread lich for 4 turns
 63939 | Vaults:5 | Killed a dread lich
 64180 | Vaults:5 | Identified the +2 leather armour of Inevitability {rN+
                  | Int-5 Dex+5 Slay+2}
 64190 | Vaults:5 | Identified the +4 dagger of Axothrinn {heavy, *Noise Str+7}
 64674 | Vaults:5 | Got a silver rune of Zot
 65030 | Zig:1    | Entered Level 1 of a ziggurat
 65049 | Zig:2    | Entered Level 2 of a ziggurat
 65063 | Zig:2    | Reached XP level 26. HP: 254/256 MP: 40/40
 65072 | Zig:3    | Entered Level 3 of a ziggurat
 65106 | Zig:4    | Entered Level 4 of a ziggurat
 65139 | Zig:4    | Identified the +7 war axe "Zech" {drain, *Slow rN+++ Str-3
                  | Int+6}
 65144 | Zig:5    | Entered Level 5 of a ziggurat
 65167 | Zig:5    | Reached skill level 27 in Invocations
 65210 | Zig:5    | Identified the +9 trident of the Twelve People {flame,
                  | *Noise Int+3 Dex+2}
 65214 | Zig:6    | Entered Level 6 of a ziggurat
 65781 | Zot:1    | Entered Level 1 of the Realm of Zot
 65845 | Zot:1    | Reached skill level 10 in Dodging
 66464 | Zot:1    | Reached skill level 27 in Fighting
 67934 | Zot:3    | Found a runed translucent gate.
 67934 | Zot:3    | Found a runed translucent gate.
 67934 | Zot:3    | Found a viscous altar of Jiyva.
 67934 | Zot:3    | Found a runed translucent gate.
 67934 | Zot:3    | Noticed Egutz's ghost (master TrFi)
 68223 | Zot:3    | Identified the +3 leather armour of the Zebrataur {Str+2}
 68448 | Zot:3    | Noticed a Killer Klown
 68469 | Zot:3    | Killed a Killer Klown
 69679 | Zot:4    | Reached XP level 27. HP: 181/272 MP: 40/40
 70285 | Zot:5    | Entered Level 5 of the Realm of Zot
 70850 | Zot:5    | Identified the +1 ring mail of Mefryahi {Regen+ Slay+5}
 70961 | Zot:5    | Was forgiven by Beogh
 71074 | Zot:5    | Noticed a dread lich
 71098 | Zot:5    | Killed a dread lich
 71240 | Zot:5    | Noticed an orb of fire
 71252 | Zot:5    | Killed an orb of fire
 73774 | Zot:5    | Noticed an orb of fire
 73785 | Zot:5    | Gained mutation: You are clumsy. (Dex -2) [an orb of fire]
 73789 | Zot:5    | Killed an orb of fire
 73815 | Zot:5    | Noticed a dread lich
 73821 | Zot:5    | Killed a dread lich
 73841 | Zot:5    | Noticed an ancient lich
 73852 | Zot:5    | Killed an ancient lich
 74041 | Zot:5    | Got the Orb of Zot
 74072 | Zot:5    | Gained mutation: Your flesh is heat resistant. (rF+) [a
                  | neqoxec]
 74271 | Depths:4 | Noticed a seraph
 74624 | D:8      | Noticed Dylup the pandemonium lord
 74857 | D:$      | Escaped with the Orb!

Illustrated notes

Levels and vault maps discovered:
D:1:      dpeg_arrival_short_road, layout_loops_ring
D:2:      layout_rooms, moated_statue
D:3:      layout_basic, ashenzari_altar_1, serial_shops,
          nicolae_shop_statue_plus, serial_aquarium, aquarium_bridge_straight
          [aquarium_subvault_bridge, aquarium_subvault_balcony,
          aquarium_subvault_bridge, aquarium_subvault_wall],
          aquarium_bridge_long_separate [aquarium_subvault_bridge,
          aquarium_subvault_bridge, aquarium_subvault_window,
          aquarium_subvault_wall, aquarium_subvault_bridge,
          aquarium_subvault_window], aquarium_window_corridor_3,
          aquarium_window_1, aquarium_window_2, aquarium_view_2c,
          aquarium_pool_2, minmay_crystal_room
D:4:      layout_cave_pools, st_stairs_8, nicolae_take_the_stairs,
          patterned_corridor, uniq_sigmund, uniq_crazy_yiuf_cottage,
          uniq_grinder
D:5:      layout_basic, mainiacjoe_overflow_catwalk, nicolae_vehumet_radiance,
          nicolae_elemental_shop, chequers_avenue, uniq_edmund
D:6:      layout_loops_ring, kennysheep_mini_moat,
          minmay_temple_entry_stoned_glass
D:7:      layout_cave_pods, the_hattery
D:8:      layout_basic, led_sif_pool
D:9:      layout_long_grid, nicolae_shop_i_like_big_books,
          kennysheep_generic_room_4
D:10:     layout_basic, gammafunk_temple_overflow_pools,
          erik_lair_orcish_takeover
D:11:     layout_loops_cross, orc_0_dummy
D:12:     layout_cave_pools, gammafunk_ghost_mausoleum, serial_shops, shop
D:13:     layout_irregular_city, skrybe_vaults_entry_preservation,
          portal_ice_cave_entry_pillars_1, roderic_serpentine_path
D:14:     layout_basic, ebering_ghost_reflecting_pool,
          kennysheep_cross_bottleneck, nicolae_qazlal_eye_of_the_storm
D:15:     hangedman_depths_entry_try_elsewhere_first, layout_irregular_city,
          hellmonk_ghost_happy_afterlife, grunt_decor_clamped
Lair:1:   layout_loops_ring, chequers_serial_rivers_large_b, grunt_megastairs_4,
          uniq_maggie
Lair:2:   mu_elephants_graveyard, layout_gridlike, minmay_shoals_entry_beasts,
          spider_nest_entry_funnel_web
Lair:3:   layout_gridlike, ebering_ghost_rock_garden, infiniplex_staircase_pool
Lair:4:   layout_gridlike, slime_entry_1
Lair:5:   grunt_lair_end_beastmaster, layout_cellular_growth,
          ebering_ghost_reflecting_pool, nicolae_lair_time_for_slime
Shoals:1: layout_shoals, nicolae_shoals_arrival_archipelago
Shoals:2: layout_shoals, uniq_louise
Shoals:3: layout_shoals, nicolae_shoals_elemental_ambush
Shoals:4: shoals_end_hangedman, layout_shoals, nzn_prometheus_bound, uniq_donald
Spider:1: layout_spider_delve, gammafunk_ghost_grave
Spider:2: layout_chambers, uniq_roxanne, uniq_aizul
Spider:3: layout_spider_delve
Spider:4: guppyfry_spider_rune
Orc:1:    layout_caves, basic_altar, uniq_urug
Orc:2:    st_orc_mages, layout_caves, nicolae_shop_gadgets
Elf:1:    eino_elf_arrival_sip, layout_geoelf_diagonals, serial_sigils,
          serial_sigils_hangedman_shear, serial_sigils_hangedman_shear,
          serial_sigils_hangedman_shear, serial_sigils_hangedman_shear,
          serial_sigils_hangedman_shear, minmay_elf_sorcery,
          serial_sigils_hangedman_writhe
Elf:2:    elven_hall_of_blades_hangedman_original
          [nicolae_blade_entry_splitting_headache], layout_geoelf_grid,
          uniq_norris
Elf:3:    minmay_elf_hall, layout_loops_corners, serial_shops,
          nicolae_shop_rolling_square, minmay_misc_feat_diagonals
Vaults:1: nicolae_vaults_steering_wheel, nicolae_vaults_tetromino_T_2,
          nicolae_vaults_octothorpe, v_pattern_5,
          nicolae_vaults_trapezoid_lopsided_1, vaults_room_corners,
          v_alt_pattern_5, layout_vaults_omnigrid
Vaults:2: hangedman_vaults_unwind, v_misc_1, v_misc_15, v_misc_3,
          nicolae_vaults_sesquioval_fish, vaults_standard_mumra_x,
          nicolae_vaults_library_corner, nicolae_vaults_mini_display_case,
          vaults_dpeg_encased_lava, layout_vaults_omnicross
Vaults:3: ebering_ghost_gozag, minmay_crypt_entry_skeletal_spiral,
          ontoclasm_vaults_bender, v_misc_9, nicolae_vaults_heart-shaped_vault,
          hangedman_vaults_cutoff, nicolae_vaults_taking_the_gang_shopping,
          nicolae_vaults_tetromino_Z_1, nicolae_vaults_storage_closets_2,
          vaults_room_pool, nicolae_vaults_alarming,
          nicolae_vaults_diagonal_hallway_8, layout_vaults_big_room
Vaults:4: vaults_dpeg_spiral, nicolae_vaults_what_the_h, v_pattern_2,
          nicolae_vaults_closet_pinwheel_2, nicolae_vaults_yaktaur_gun_rack,
          ontoclasm_vaults_claustrophobia, ontoclasm_vaults_idyll,
          nicolae_vaults_more_shelving_2, dpeg_vaults_monster_box,
          nicolae_vaults_shelves_hall, nicolae_vaults_double_plus_2,
          layout_vaults_ring
Vaults:5
Crypt:1:  layout_rooms, columned_hall_lemuel, grunt_crypt_arrival_split,
          grunt_megastairs_5, uniq_josephina
Crypt:2:  layout_basic, grunt_megastairs_2
Crypt:3:  due_elkab, layout_chaotic_city, tomb_entry_simple_bobbens, uniq_jory,
          uniq_grunn
Depths:1: layout_gridville, serial_shops, nicolae_shop_rolled_up, hellmouth_1,
          nicolae_eternal_life, st_stairs_14, kennysheep_generic_room_7
Depths:2: hangedman_arch_fort, layout_cave_shapes, hell_entry,
          grunt_pan_entry_in_and_out, kennysheep_generic_room_3,
          minmay_shop_grove, infiniplex_staircase_river
Depths:3: giant_chief_lemuel, layout_cave_shapes, hell_entry, abyss_entry,
          nicolae_titane, infiniplex_staircase_pool_2, minmay_shop_star,
          firewood_loft, uniq_xtahua, uniq_saint_roka, uniq_vv
Depths:4: lemuel_castle_with_subvaults [lemuel_castle_interior_carwin_3],
          layout_cave_pools, enter_ziggurat_a, serial_glass, glass_columns_a,
          glass_columns_a, minmay_strange_pillars, feat_on_display, hell_entry,
          elyvilon_altar_3, minmay_multi_spiral
Zot:1:    layout_gridlike, skrybe_zot_glass_1
Zot:2:    layout_misc_corridors, hellmonk_zot_clocked
Zot:3:    layout_gridville, gammafunk_ghost_ooze
Zot:4:    layout_basic
Zot:5:    layout_cathedral_of_symmetry, grunt_ministairs_7

Skill      XL: |  1  2  3  4  5  6  7  8  9 10 11 12 13 14 15 16 17 18 19 20 21 22 23 24 25 26 27 |
---------------+----------------------------------------------------------------------------------+-----
Axes           | 3 4 5 6 8 9 12 14 | 14.1
Fighting       | 4 5 6 7 8 9 11 12 13 15 16 17 18 19 20 22 23 24 25 26 27 | 27.0
Armour         | 4 5 6 7 9 10 11 13 14 15 16 17 18 19 21 22 23 25 26 | 26.3
Shields        | 4 5 6 7 |  7.5
Polearms       | 4 8 10 12 13 14 15 17 18 19 | 19.4
Invocations    | 2 6 8 11 13 15 16 17 18 19 20 21 22 24 25 26 27 | 27.0
Dodging        | 1 3 6 7 9 12 14 | 14.1
Evocations     | 2 5 8 9 11 | 11.9
Throwing       | 5 9 11 12 13 | 13.8

Action                     |  1- 3 |  4- 6 |  7- 9 | 10-12 | 13-15 | 16-18 | 19-21 | 22-24 | 25-27 || total
---------------------------+-------+-------+-------+-------+-------+-------+-------+-------+-------++-------
  Melee: War axe           |   107 |   108 |   148 |       |       |       |       |       |       ||   363
         Trident           |       |       |   185 |   619 |   157 |       |       |       |       ||   961
         Glaive            |       |       |       |       |   788 |   974 |  1114 |  1880 |   578 ||  5334
         Battleaxe         |       |       |       |       |       |       |       |     4 |  1391 ||  1395
  Throw: Javelin           |       |       |       |       |       |       |       |       |    24 ||    24
 Invoke: Convert to Beogh  |       |     1 |       |       |       |       |       |       |       ||     1
         Smiting           |       |       |       |     5 |     7 |    29 |    41 |    21 |       ||   103
         Recall Orcish Fol |       |       |       |     2 |     8 |     9 |     4 |     2 |       ||    25
         Give Item to Name |       |       |       |       |       |     1 |     2 |       |       ||     3
         Resurrection      |       |       |       |       |       |     1 |       |       |       ||     1
         Minor Destruction |       |       |       |       |       |       |       |    37 |     6 ||    43
         Lesser Servant of |       |       |       |       |       |       |       |     1 |       ||     1
         Major Destruction |       |       |       |       |       |       |       |       |     6 ||     6
         Greater Servant o |       |       |       |       |       |       |       |       |     7 ||     7
  Evoke: Wand              |       |       |     1 |     9 |     2 |    29 |    22 |    14 |    28 ||   105
    Use: Scroll            |       |     7 |     8 |     4 |    22 |    11 |     8 |    19 |     3 ||    82
         Potion            |       |     2 |     3 |     1 |     3 |     8 |     5 |    10 |     7 ||    39
   Stab: Invisible         |       |       |     1 |       |       |       |       |       |       ||     1
         Distracted        |       |       |       |     2 |    15 |     7 |     6 |     3 |     1 ||    34
         Paralysed         |       |       |       |       |     2 |    15 |       |       |     2 ||    19
 Armour: Scale mail        |    71 |    82 |   188 |       |       |       |       |       |       ||   341
         Plate armour      |       |       |    38 |   375 |   560 |       |       |       |       ||   973
         Skin              |       |       |       |       |     4 |       |       |       |       ||     4
         Crystal plate arm |       |       |       |       |   177 |   933 |   857 |  1494 |  2410 ||  5871
  Dodge: Dodged            |    56 |    48 |    79 |   152 |   329 |   446 |   465 |   765 |  1050 ||  3390
  Block: Buckler           |    16 |    25 |    88 |   132 |    22 |       |       |       |       ||   283
         Other             |       |       |       |       |   109 |   207 |   143 |   285 |   398 ||  1142
         Reflection        |       |       |       |       |     3 |    12 |    13 |    24 |     4 ||    56

Table legend: (Time is in decaauts)
 A = Elapsed time spent in this place.
 B = Non-inter-level travel time spent in this place.
 C = Inter-level travel time spent in this place.
 D = Time resting spent in this place.
 E = Time spent auto-exploring this place.
 F = Levels seen in this place.
 G = Mean time per level.
                   A        B        C        D        E       F      G
               +--------+--------+--------+--------+--------+-----+--------+
         Total |  73540 |  66430 |   7110 |  18154 |  33702 |  57 | 1290.2 |
       Dungeon |  16650 |  13939 |   2711 |   1459 |   9891 |  15 | 1110.0 |
          Lair |   8405 |   7648 |    757 |   2814 |   3396 |   5 | 1681.0 |
        Shoals |   5018 |   4424 |    594 |   1485 |   1685 |   4 | 1254.5 |
   Spider Nest |   4892 |   4792 |    100 |   1419 |   2497 |   4 | 1223.0 |
  Orcish Mines |   1442 |   1004 |    438 |    129 |    674 |   2 |  721.0 |
   Elven Halls |   5094 |   4859 |    235 |   1890 |   1844 |   3 | 1698.0 |
        Vaults |   9489 |   8723 |    766 |   1936 |   4896 |   5 | 1897.8 |
         Crypt |   5717 |   5445 |    272 |   1741 |   2304 |   3 | 1905.7 |
        Depths |   9984 |   9154 |    830 |   4016 |   3552 |   4 | 2496.0 |
           Zot |   6040 |   5636 |    404 |   1257 |   2635 |   5 | 1208.0 |
      Ziggurat |    183 |    183 |      0 |      0 |      0 |   6 |   30.5 |
      Ice Cave |    622 |    622 |      0 |      6 |    328 |   1 |  622.0 |
               +--------+--------+--------+--------+--------+-----+--------+

Top non-repeatable levels by time:
Depths:4: 3137 daAuts
Depths:3: 2700 daAuts
Vaults:3: 2470 daAuts
   Elf:3: 2407 daAuts
 Crypt:3: 2346 daAuts
Vaults:5: 2127 daAuts
  Lair:2: 2124 daAuts
Depths:2: 2092 daAuts
Depths:1: 2054 daAuts
  Lair:1: 1957 daAuts
Shoals:4: 1932 daAuts
Vaults:1: 1866 daAuts
 Crypt:2: 1769 daAuts
    D:13: 1652 daAuts
 Crypt:1: 1601 daAuts
